 Dungeon Crawl Stone Soup version 0.27-a0-1291-geefcff5 (webtiles) character file.

Game seed: 16630366269792393791

165 Illumine the Poker (level 5, 0/41 HPs)
             Began as a Merfolk Gladiator on June 15, 2021.
             Slain by an orc (4 damage)
             ... on level 3 of the Dungeon.
             The game lasted 00:04:04 (2855 turns).

Illumine the Poker (Merfolk Gladiator)              Turns: 2855, Time: 00:04:04

Health: 0/41       AC:  4    Str: 16    XL:     5   Next: 46%
Magic:  5/5        EV: 14    Int:  7    God:
Gold:   108        SH:  0    Dex: 15    Spells: 4/4 levels left

rFire    . . .     SeeInvis .   a - +0 trident
rCold    . . .     Faith    .   (no shield)
rNeg     . . .     Spirit   .   b - +0 leather armour
rPois    .         Reflect  .   i - +0 helmet
rElec    .         Harm     .   (no cloak)
rCorr    .         Rampage  .   (no gloves)
Will     .....                  (no boots)
Stlth    +.........             (no amulet)
HPRegen  0.13/turn              (no ring)
MPRegen  0.09/turn              (no ring)

@: brilliant
A: (nimble swimmer 2), mertail
a: no special abilities


You were on level 3 of the Dungeon.
You visited 1 branch of the dungeon, and saw 4 of its levels.

You collected 108 gold pieces.

Inventory:

Hand Weapons
 a - a +0 trident (weapon)
Missiles
 d - 3 throwing nets
 f - 135 stones (quivered)
Armour
 b - a +0 leather armour (worn)
 i - a +0 helmet (worn)
 o - a +0 chain mail
Scrolls
 c - a scroll of holy word {unknown}
 h - 2 scrolls of identify {unknown}
 j - 2 scrolls of amnesia {unknown}
 k - a scroll of noise {unknown}
 l - 2 scrolls of fog {unknown}
 n - a scroll of fear {unknown}
 q - a scroll of blinking {unknown}
Potions
 e - 2 potions of brilliance
 g - 2 potions of curing {unknown}
 m - a potion of magic {unknown}
 p - a potion of flight {unknown}


   Skills:
 + Level 3.5 Fighting
 * Level 6.8 Polearms
 - Level 2.0 Throwing
 + Level 5.3 Dodging


You had 4 spell levels left.
You didn't know any spells.
Your spell library contained the following spells:

 Spells                   Type           Power      Damage    Failure   Level
 Magic Dart               Conj           0%         1d3       50%         1
 Searing Ray              Conj           0%         3d3       65%         2
 Dazzling Flash           Conj/Hex       0%         N/A       86%         3
 Fulminant Prism          Conj/Hex       0%         3d6       99%         4
 Iskenderun's Mystic Bla  Conj/Tloc      0%         2d3       99%         4


Dungeon Overview and Level Annotations

Branches:
Dungeon (4/15)
 Temple: D:4-7

Altars:

Shops:
D:2 =


Innate Abilities, Weirdness & Mutations

((You are quick and stealthy near water. (Stealth+, EV+, Speed+++)))
Your lower body shifts to a powerful aquatic tail in water.


Message History

The orc barely misses you.
You climb upwards.
There is a stone staircase leading down here.
Unknown command.
You hit the orc.
The orc is moderately wounded.
The orc hits you with a +0 hand axe. The orc misses you.
The orc closely misses you.
You closely miss the orc.
The orc is moderately wounded.
The orc barely misses you. x2; The orc misses you.
You barely miss the orc.
The orc is moderately wounded.
The orc hits you with a +0 hand axe. The orc closely misses you.
The orc barely misses you.
You closely miss the orc.
The orc is moderately wounded.
The orc misses you. The orc closely misses you.
The orc hits you with a +0 war axe.
You closely miss the orc.
The orc is moderately wounded.
The orc hits you with a +0 hand axe.
* * * LOW HITPOINT WARNING * * *
The orc misses you. x2
Okay, then.
You puncture the orc!
You kill the orc!
The orc hits you with a +0 hand axe.
* * * LOW HITPOINT WARNING * * *
You hit the orc.
The orc is almost dead.
The orc misses you. The orc hits you with a +0 war axe!
* * * LOW HITPOINT WARNING * * *
You closely miss the orc.
The orc is almost dead.
The orc closely misses you. x2
It was a potion of brilliance.
You feel clever all of a sudden. The orc closely misses you.
The orc hits you with a +0 short sword.
You die...

#....########........##.#
######...............##.#
#..........#######.#
#..........# #.#####
#..........# #.....#
#..........# #####.#
#..........# #..<#.#
#........oo#######.###.#
#........#@o[))..#.....#
#........#######)#######
#........# #.# #........#
#.# #........# #.#
#....###########'##
#....##...........#
#....##...........#
#....##...........#


You could see 3 orcs.

Vanquished Creatures
  Jessica (D:3)
  Robin (D:3)
  3 adders
  2 worms
  A dart slug (D:3)
  6 orcs (D:3)
  4 bats
  6 endoplasms
  3 giant cockroaches
  17 goblins
  6 hobgoblins
  6 jackals (D:2)
  8 kobolds
  5 quokkas
  3 ball pythons
  A frilled lizard (D:3)
  8 rats
81 creatures vanquished.

Notes
Turn   | Place    | Note
-------+----------+-------------------------------------------
     0 | D:1      | Illumine the Merfolk Gladiator began the quest for the Orb.
     0 | D:1      | Reached XP level 1. HP: 16/16 MP: 1/1
   330 | D:1      | Reached XP level 2. HP: 23/23 MP: 2/2
   411 | D:1      | Reached skill level 5 in Polearms
  1104 | D:2      | Reached XP level 3. HP: 28/28 MP: 3/3
  1494 | D:2      | Reached XP level 4. HP: 28/34 MP: 4/4
  1690 | D:2      | Found a faded altar of an unknown god.
  1803 | D:2      | Found Hafai's Jewellery Shoppe.
  1981 | D:3      | Reached skill level 6 in Polearms
  2267 | D:3      | Noticed Jessica
  2274 | D:3      | Killed Jessica
  2275 | D:3      | Reached skill level 5 in Dodging
  2275 | D:3      | Reached XP level 5. HP: 38/41 MP: 5/5
  2549 | D:3      | Noticed Robin
  2565 | D:3      | Killed Robin
  2855 | D:3      | Slain by an orc

Illustrated notes

Levels and vault maps discovered:
D:1:      minmay_arrival_split_and_join, layout_basic
D:2:      layout_basic, serial_corexii_hall, chequers_hall_statues_y,
          corexii_hall_statues_s, hellmonk_ecumenical_altar_inner_sanctum,
          serial_shops, shop
D:3:      layout_basic, uniq_jessica, uniq_robin
D:4:      layout_basic, lemuel_round_altar,
          minmay_temple_entry_statues_fountains, serial_curves, eino_curves_03,
          eino_curves_01, st_stairs_7, minmay_rat_hole

Skill      XL: |  1  2  3  4 |
---------------+-------------+-----
Polearms       | 5 6 |  6.8
Fighting       | 3 |  3.5
Dodging        | 5 |  5.3
Throwing       | |  2.0

Action                   |  1- 3 |  4- 6 || total
-------------------------+-------+-------++-------
Melee: Trident           |   110 |   151 ||   261
Throw: Stone             |     7 |     2 ||     9
  Use: Potion            |       |     1 ||     1
 Stab: Sleeping          |     2 |     2 ||     4
Armor: Leather armour    |    22 |    24 ||    46
Dodge: Dodged            |    55 |    93 ||   148

Table legend: (Time is in decaauts)
 A = Elapsed time spent in this place.
 B = Non-inter-level travel time spent in this place.
 C = Inter-level travel time spent in this place.
 D = Time resting spent in this place.
 E = Time spent auto-exploring this place.
 F = Levels seen in this place.
 G = Mean time per level.
                   A        B        C        D        E       F      G
               +--------+--------+--------+--------+--------+-----+--------+
         Total |   2857 |   2830 |     27 |    419 |   1883 |   4 |  714.2 |
       Dungeon |   2857 |   2830 |     27 |    419 |   1883 |   4 |  714.2 |
               +--------+--------+--------+--------+--------+-----+--------+

Top non-repeatable levels by time:
     D:1: 1095 daAuts
     D:2: 884 daAuts
     D:3: 870 daAuts
     D:4: 6 daAuts
